AoeStats
← mwbrom12

Arabia

510439695Analyzed
3v3 RM · 13h ago on Oct 1, 2026· 43m 28s· 6 players
Game mode
Random Map
Map size
Normal (6 player)
Population
200
Speed
Normal
Resources
Standard
Victory
Conquest
Starting age
Dark Age
Ending age
Imperial Age
RankedLock teamsTeams togetherTeam positionsShared explorationLock speedFull tech treeHidden civsTurbo modeCheats
Victory
Defeat
🇺🇸 Ethiopians · United States
959
+16
🇺🇸 Franks · United States
950
+16
🇺🇸 Vietnamese · United States
945
+16
🇺🇾 Ethiopians · Uruguay
1036
-20
🇺🇾 Persians · Uruguay
925
-15
🇺🇾 Turks · Uruguay
885
-13
Q13
0:28 Loom
8:49 Feudal Age
11:47 Double-Bit Axe
el_sego
2:24 Loom
11:37 Feudal Age
14:47 Double-Bit Axe
22:16 Castle Age
20:23 Padded Archer Armor
20:17 Gold Mining
25:36 Horse Collar
28:50 Imperial Age
27:13 Bow Saw
27:34 Heavy Plow
28:07 Fletching
29:22 Wheelbarrow
33:57 Hand Cart
37:05 Ballistics
MrJohn
6:31 Loom
9:14 Feudal Age
9:57 Double-Bit Axe
18:00 Castle Age
16:29 Fletching
17:11 Padded Archer Armor
18:15 Crossbowman
19:03 Thumb Ring
20:50 Leather Archer Armor
23:32 Bow Saw
24:13 Ballistics
25:39 Bodkin Arrow
32:57 Forging
32:47 Scale Mail Armor
34:33 Iron Casting
33:47 Arson
39:37 Imperial Age
38:29 Chain Mail Armor
39:41 Arbalester
40:23 Bracer
41:23 Ring Archer Armor
43:27 Chemistry
mwbrom12
11:30 Feudal Age
11:47 Loom
14:19 Forging
14:15 Scale Barding Armor
18:06 Wheelbarrow
17:30 Gold Mining
23:11 Castle Age
24:36 Iron Casting
24:16 Double-Bit Axe
26:02 Gold Shaft Mining
25:43 Bow Saw
27:38 Hand Cart
29:11 Stone Mining
34:13 Husbandry
34:50 Chain Barding Armor
38:16 Fletching
39:04 Ballistics
44:59 Imperial Age
Wyrdy
9:49 Feudal Age
9:34 Loom
10:40 Double-Bit Axe
11:42 Horse Collar
12:35 Fletching
22:49 Castle Age
20:52 Padded Archer Armor
21:34 Gold Mining
22:32 Stone Mining
23:28 Crossbowman
24:04 Bodkin Arrow
24:19 Thumb Ring
27:36 Bow Saw
28:03 Gold Shaft Mining
28:34 Wheelbarrow
33:51 Imperial Age
31:46 Ballistics
32:18 Leather Archer Armor
34:04 Hand Cart
34:50 Heavy Plow
35:58 Chemistry
35:02 Bracer
34:36 Arbalester
37:05 Conscription
37:58 Chemistry
38:33 Conscription
41:20 Siege Engineers
41:34 Town Watch
42:19 Torsion Engines
44:15 Ring Archer Armor
tom8to
7:12 Loom
13:04 Feudal Age
14:03 Double-Bit Axe
13:59 Horse Collar
17:19 Gold Mining
22:59 Castle Age
21:40 Fletching
22:30 Padded Archer Armor
23:47 Bodkin Arrow
23:14 Elite Skirmisher
24:21 Heavy Plow
24:34 Bow Saw
25:53 Thumb Ring
25:44 Pikeman
26:12 Arson
28:28 Leather Archer Armor
35:07 Crossbowman
Connection lost

Rejoining the realm…

Still unreachable

The connection could not be restored.

Session expired

The server has moved on; the page needs a fresh start.